AoeStats
← Iguano Pop

Arabia

508753037Analyzed
2v2 RM · 8d ago on Sep 23, 2026· 39m 54s· 4 players
Game mode
Random Map
Map size
Medium (4 player)
Population
200
Speed
Normal
Resources
Standard
Victory
Conquest
Starting age
Dark Age
Ending age
Imperial Age
RankedLock teamsTeams togetherTeam positionsShared explorationLock speedFull tech treeHidden civsTurbo modeCheats
Victory
Defeat
🇩🇪 Ethiopians · Germany
1295
+18
🇲🇽 Lithuanians · Mexico
1284
+18
🇦🇷 Khmer · Argentina
1335
-18
🇦🇷 Tupi · Argentina
1329
-18
Iguano Pop
6:46 Loom
9:24 Feudal Age
10:14 Double-Bit Axe
11:52 Horse Collar
16:09 Forging
17:13 Scale Barding Armor
19:53 Scale Barding Armor
22:35 Castle Age
20:54 Gold Mining
23:29 Bloodlines
23:20 Husbandry
23:50 Chain Barding Armor
24:55 Husbandry
25:06 Heavy Plow
29:17 Iron Casting
29:41 Wheelbarrow
36:01 Hand Cart
35:51 Light Cavalry
40:06 Imperial Age
borgg39
7:31 Loom
10:03 Feudal Age
11:53 Double-Bit Axe
15:22 Fletching
23:05 Castle Age
21:56 Padded Archer Armor
21:52 Horse Collar
22:40 Forging
23:26 Crossbowman
25:59 Bodkin Arrow
30:06 Bow Saw
35:22 Wheelbarrow
36:44 Light Cavalry
37:51 Hand Cart
38:35 Scale Barding Armor
39:08 Iron Casting
42:40 Imperial Age
ASTORONGA
11:24 Feudal Age
16:06 Castle Age
14:42 Stone Mining
14:43 Double-Bit Axe
15:27 Gold Mining
17:16 Fletching
19:58 Padded Archer Armor
22:05 Bodkin Arrow
23:31 Bow Saw
25:48 Ballistics
26:37 Loom
26:37 Town Watch
36:02 Leather Archer Armor
37:40 Pikeman
38:44 Scale Mail Armor
39:01 Forging
39:40 Squires
PIUMPIUM
10:47 Feudal Age
16:48 Castle Age
25:54 Pikeman
27:20 Double-Bit Axe
27:49 Horse Collar
33:23 Loom
38:02 Imperial Age
38:03 Heavy Scorpion
Connection lost

Rejoining the realm…

Still unreachable

The connection could not be restored.

Session expired

The server has moved on; the page needs a fresh start.